 Dungeon Crawl Stone Soup version 0.31-a0-369-g8eba5f6939 (webtiles) character file.

Game seed: 9212016387796409373

240 Flugkiller the Insei (level 5, -3/42 HPs)
             Began as a Demonspawn Shapeshifter on July 28, 2023.
             Slain by an ogre
             ... wielding a +0 giant club
              (23 damage)
             ... on level 4 of the Dungeon.
             The game lasted 00:03:27 (3453 turns).

Flugkiller the Insei (Demonspawn Shapeshifter)      Turns: 3453, Time: 00:03:28

Health: -3/42      AC:  5    Str: 15    XL:     5   Next: 80%
Magic:  0/5        EV: 11    Int:  9    God:
Gold:   149        SH:  0    Dex: 16    Spells: 4/4 levels left

rFire   + + .        l - +6 mace "Uwilameu" {flame, *Rage rElec rF++ rN+}
rCold   . . .        (no shield)
rNeg    + . .        p - +0 ring mail
rPois   .            (helmet currently unavailable)
rElec   +            (cloak currently unavailable)
rCorr   .            (gloves currently unavailable)
SInv    .            (boots currently unavailable)
Will    .....        o - amulet of guardian spirit
Stlth   +            (no ring)
HPRegen 0.27/turn    (no ring)
MPRegen 0.09/turn

%: random rage (20%), guardian spirit
@: about to teleport, beast-form, on berserk cooldown, slowed, very slow
A: beast (slay +2), horns 2
a: Begin Untransformation


You were on level 4 of the Dungeon.
You were a hulking beast.
You visited 1 branch of the dungeon, and saw 4 of its levels.

You collected 209 gold pieces.
You spent 60 gold pieces at shops.

Inventory:

Hand Weapons
 l - the +6 mace "Uwilameu" (weapon) {flame, *Rage rElec rF++ rN+}
   (You found it on level 2 of the Dungeon)

   rF:        It greatly protects you from fire.
   rElec:     It insulates you from electricity.
   rN:        It protects you from negative energy.
   *Rage:     It berserks you when you make melee attacks (+20% chance).
Armour
 a - a +0 animal skin
 k - a +0 cloak
   (You found it on level 2 of the Dungeon)
 n - a +0 pair of gloves
   (You found it on level 2 of the Dungeon)
 p - a +0 ring mail (worn)
   (You found it on level 3 of the Dungeon)
Jewellery
 o - an amulet of guardian spirit (around neck)
   (You found it on level 2 of the Dungeon)
 u - a ring of resist corrosion
   (You found it on level 3 of the Dungeon)
 v - a ring of ice
   (You found it on level 4 of the Dungeon)
Talismans
 c - a beast talisman
Wands
 s - a wand of flame (6)
   (You found it on level 3 of the Dungeon)
Scrolls
 e - a scroll of enchant armour
 f - a scroll of poison
 g - 2 scrolls of fog
 h - a scroll of torment
 m - 2 scrolls of revelation
 r - a scroll of vulnerability {unknown}
 t - a scroll of teleportation
Potions
 b - 3 potions of lignification
 d - 2 potions of might
 i - a potion of curing {unknown}
 j - 2 potions of haste {unknown}
 q - 4 potions of resistance {unknown}
 w - a potion of heal wounds


   Skills:
 - Level 4.0 Fighting
 + Level 2.6 Dodging
 - Level 4.0 Unarmed Combat
 - Level 3.0 Shapeshifting


You had 4 spell levels left.
You didn't know any spells.
Your spell library contained the following spells:

 Spells                   Type           Power      Damage    Failure   Level
 Sandblast                Erth           0%         2d4       63%         1
 Blink                    Tloc           0%         N/A       77%         2
 Lesser Beckoning         Tloc           0%         N/A       77%         2
 Momentum Strike          Conj/Tloc      0%         3d8       77%         2
 Passwall                 Tmut/Erth      0%         N/A       77%         2
 Stone Arrow              Conj/Erth      0%         3d7       94%         3
 Animate Armour           Summ/Erth      0%         N/A       100%        4
 Lehudib's Crystal Spear  Conj/Erth      0%         10d2      100%        8


Dungeon Overview and Level Annotations

Branches:
Dungeon (4/15) Zot: 20478
 Temple: D:4-7

Altars:
Okawaru
Trog

Shops:
D:3 *


Innate Abilities, Weirdness & Mutations

You are a hulking beast.
Your limbs bulge with bestial killing power. (Slay +2)
You have a pair of horns on your head.


Message History

Things that are here:
a +0 dagger; a goblin corpse; a hobgoblin corpse
There is a stone staircase leading up here.
You climb upwards.
There is a stone staircase leading down here.
As you read the scroll of identify, it crumbles to dust.
e - a scroll of enchant armour Unknown command.
You start waiting.
You feel yourself speed up.
You climb downwards.
There is a stone staircase leading up here.
An iguana comes into view.
Found 2 dark potions.
You see here a scroll of identify.
r - a scroll of identify You hit the iguana.
You burn the iguana. You headbutt the iguana.
The iguana is heavily wounded.
The iguana barely misses you. x2
You hit the iguana but do no damage.
The iguana is heavily wounded.
The iguana barely misses you.
You hit the iguana but do no damage.
The iguana is heavily wounded.
The iguana closely misses you.
You hit the iguana. You burn the iguana.
The iguana is almost dead.
You recover from your berserk rage.
The iguana barely misses you. The iguana bites you!
You sock the iguana! You burn the iguana.
You kill the iguana!
As you read the scroll of identify, it crumbles to dust.
g - 2 potions of might;
d - 2 potions of might;
g - 2 scrolls of fog Unknown command.
Found a stone staircase leading down.
You see here a scroll of teleportation.
t - 2 scrolls of teleportation (gained 1)
The endoplasm closely misses you.
You hit the endoplasm. You burn the endoplasm.
You kill the endoplasm!
No target in view!
No target in view!
Found a stone staircase leading up.
q - 3 dark potions (gained 2)
Found 5 stones.
A quokka comes into view.
The quokka barely misses you.
A quokka is nearby!
You sock the quokka! You burn the quokka.
You kill the quokka!
No target in view!
q - 4 dark potions (gained 1)
r - a ring of ice
Found an iron altar of Okawaru.
r - a scroll of identify;
v - a ring of ice
As you read the scroll of identify, it crumbles to dust.
h - a scroll of torment Unknown command.
An adder comes into view.
Found a sling.
The adder hisses angrily.
An adder is nearby!
You hit the adder. You burn the adder. You headbutt the adder.
You kill the adder!
No target in view!
No target in view!
You now have 149 gold pieces (gained 19).
Found 5 atropa-tipped darts.
An orc comes into view. It is wielding a +0 dagger.
The orc shouts!
The orc moves out of view.
r - a scroll labelled BULIHO QOGUI The orc barely misses you.
A red film seems to cover your vision as you go berserk!
You feel yourself moving faster!
You feel mighty!
You closely miss the orc. You headbutt the orc!
You kill the orc!
No target in view!
You see here a +0 dagger.
You feel a strong urge to attack something.
You feel your anger nearly subside.
The ogre shouts!
You are no longer berserk.
You are exhausted.
You feel yourself slow down.
Aiming: Throw Flame
Press: ? - help, Shift-Dir - straight line, f - ogre
Aim: an ogre, wielding a +0 giant club (85% to hit)
The puff of flame hits the ogre.
The ogre is moderately wounded.
As you read the scroll of teleportation, it crumbles to dust.
You feel strangely unstable.
Unknown command.
You sock the ogre! You burn the ogre.
The ogre is heavily wounded.
The ogre hits you with a +0 giant club!!
Ouch! That really hurt!
The ogre hits you with a +0 giant club!!
Ouch! That really hurt!
You die...

## #........... . #..#.........#
.# ............###.. #
#...........##.## # #
#(>).....#...#..# ###.#..
####..#...##......# .......
##..#.###...##.....## #.......
##.....##.............
<........###....h..##......###...
...........#..#.O...#.#......#...
......................##.........
............#......##.##.........
..........#####........#.........
............#.....##.............
......#...........##.......#.....
...>..#....)<............<.......
##.........................


You could see an ogre.

Vanquished Creatures
  2 orc priests (D:2)
  An iguana (D:4)
  3 orc wizards
  An adder (D:4)
  10 orcs
  7 ball pythons
  4 endoplasms
  A giant cockroach (D:1)
  7 goblins
  5 hobgoblins
  2 quokkas
  3 bats
  2 frilled lizards (D:1)
  10 kobolds
  5 rats
63 creatures vanquished.

Notes
Turn   | Place    | Note
-------+----------+-------------------------------------------
     0 | D:1      | Flugkiller the Demonspawn Shapeshifter began the quest for
                  | the Orb.
     0 | D:1      | Reached XP level 1. HP: 15/15 MP: 1/1
   188 | D:1      | Gained mutation: You have a pair of small horns on your
                  | head. [demonic ancestry]
   188 | D:1      | Reached XP level 2. HP: 21/21 MP: 2/2
   747 | D:2      | Found a bloodstained altar of Trog.
  1054 | D:2      | Identified the +6 mace "Uwilameu" {flame, *Rage rElec rF++
                  | rN+}
  1269 | D:2      | Reached XP level 3. HP: 27/27 MP: 3/3
  1559 | D:2      | Gained mutation: You have a pair of horns on your head.
                  | [demonic ancestry]
  1559 | D:2      | Reached XP level 4. HP: 35/35 MP: 4/4
  2339 | D:2      | Found a bloodstained altar of Trog.
  2570 | D:3      | Found Oschotig's Assorted Antiques.
  2573 | D:3      | Bought a fuming pink potion for 28 gold pieces
  2573 | D:3      | Bought a scroll labelled OLLUXT LEZUH for 32 gold pieces
  2753 | D:3      | Reached XP level 5. HP: 41/41 MP: 5/5
  3202 | D:4      | Noticed an ogre
  3388 | D:4      | Found an iron altar of Okawaru.
  3453 | D:4      | Slain by an ogre

Illustrated notes

Levels and vault maps discovered:
D:1:      tarquinn_simple_flora_water_a, layout_basic, minmay_box_of_dots
D:2:      cheibrodos_pilgrimage, layout_loops_corners, basic_altar
D:3:      layout_loops_ring, serial_shops, shop
D:4:      layout_cave_pools, lemuel_coloured_pillars_altar, st_stairs_12

Skill      XL: |  1  2  3  4  5 |
---------------+----------------+-----
Unarmed Combat | 3 4 |  4.0
Fighting       | 2 3 4 |  4.0
Shapeshifting  | 3 |  3.0
Dodging        | 2 |  2.6

Action                     |  1- 3 |  4- 6 || total
---------------------------+-------+-------++-------
  Melee: Unarmed           |    73 |     3 ||    76
         Punch             |     3 |     3 ||     6
         Headbutt          |     9 |    11 ||    20
         Mace              |       |    48 ||    48
  Evoke: Wand              |       |     1 ||     1
    Use: Potion            |     1 |     1 ||     2
         Scroll            |       |     8 ||     8
   Stab: Distracted        |     1 |       ||     1
 Armour: Animal skin       |    18 |       ||    18
         Skin              |     2 |     1 ||     3
         Ring mail         |       |     7 ||     7
  Dodge: Dodged            |    48 |    22 ||    70

Table legend: (Time is in decaauts)
 A = Elapsed time spent in this place.
 B = Non-inter-level travel time spent in this place.
 C = Inter-level travel time spent in this place.
 D = Time resting spent in this place.
 E = Time spent auto-exploring this place.
 F = Levels seen in this place.
 G = Mean time per level.
                   A        B        C        D        E       F      G
               +--------+--------+--------+--------+--------+-----+--------+
         Total |   3519 |   3331 |    188 |    357 |   2414 |   4 |  879.8 |
       Dungeon |   3519 |   3331 |    188 |    357 |   2414 |   4 |  879.8 |
               +--------+--------+--------+--------+--------+-----+--------+

Top non-repeatable levels by time:
     D:2: 1706 daAuts
     D:3: 862 daAuts
     D:1: 791 daAuts
     D:4: 160 daAuts
